 Dungeon Crawl Stone Soup version v1.0-484-g42a0498 (webtiles) character file.

326 Brynnhild the Slasher (level 6, -1/48 HPs)
             Began as a Hermit Crab Monk on July 24, 2018.
             Succumbed to a scorpion's poison
             ... on level 4 of the Dungeon.
             The game lasted 00:05:51 (3510 turns).

Brynnhild the Slasher (Hermit Crab Monk)            Turns: 3510, Time: 00:05:52

Health: -1/48      AC: 11    Str: 11    XL:     6   Next: 49%
Magic:  7/7        EV:  8    Int: 13    God:
Gold:   176        SH:  0    Dex: 15    Spells: 5/5 levels left

rFire    . . .     SeeInvis .   a - +0 falchion
rCold    . . .     Gourm    .   (no shield)
rNeg     . . .     Faith    .   r - +0 plate armour
rPois    .         Spirit   .   (helmet unavailable)
rElec    .         Reflect  .   o - +0 cloak
rCorr    .         Harm     .   (gloves unavailable)
MR       .....                  (boots unavailable)
Stlth    ..........             (no amulet)
HPRegen  0.16/turn              (no ring)
MPRegen  0.10/turn              (no ring)

@: lethally poisoned (-1 -> -14)
A: pincers, sturdy frame 3
a: no special abilities


You were on level 4 of the Dungeon.
You were near starving.

You visited 1 branch of the dungeon, and saw 4 of its levels.

You collected 176 gold pieces.

Inventory:

Hand Weapons
 a - a +0 falchion (weapon)
Armour
 b - a +0 robe
 o - a +0 cloak (worn)
 r - a +0 plate armour (worn)
Wands
 p - a wand of random effects (21)
Scrolls
 d - a scroll of blinking {unknown}
 h - 7 scrolls of identify {unknown}
 i - a scroll of magic mapping {unknown}
 j - 3 scrolls of teleportation {unknown}
 l - 2 scrolls of fog {unknown}
 m - a scroll of fear {unknown}
 n - a scroll of remove curse {unknown}
 q - a scroll of amnesia {unknown}
Potions
 e - 5 potions of curing
 g - 2 potions of brilliance {unknown}
 k - a potion of might {unknown}
 s - a potion of ambrosia {unknown}
Comestibles
 c - 5 rations


   Skills:
 + Level 3.9 Fighting
 * Level 5.0 Long Blades
 + Level 1.0 Armour
 + Level 4.1 Dodging
 - Level 2.0 Stealth


You had 5 spell levels left.
You didn't know any spells.
Your spell library was empty.

Dungeon Overview and Level Annotations

Branches:
Dungeon (4/15)
 Temple: D:4-7

Altars:
Elyvilon
Makhleb
Qazlal
Xom


Innate Abilities, Weirdness & Mutations

Your physical structure is perfection and can not be permanently altered.
You have pincers for hands.
Your movements are significantly less encumbered by armour. (ER -6)


Message History

You barely miss the scorpion crab.
The scorpion crab is almost dead.
You feel sick. The scorpion crab stings you.
* * * CRAB GONE DIE * * *
You hit the scorpion crab but do no dacastercrab.
The scorpion crab is almost dead.
You feel sick. The scorpion crab barely misses you.
You hit the scorpion crab.
The scorpion crab is almost dead.
You feel sick. The scorpion crab stings you.
* * * CRAB GONE DIE * * *
You are more poisoned.
The scorpion crab poisons you!
You hit the scorpion crab.
You kill the scorpion crab!
Your Long Blades skill increases to level 5!
Your Armour skill increases to level 1!
* * * CRAB GONE DIE * * *
You feel sick.
Your journey is over little crab

##### #######
#.....####.......
#..@.<.#
#......##..)..#
#.####. ##.##.#
#. .# .. #. .. .
.. ### .. ..


There were no monsters in sight!

Vanquished Creatures
  A scorpion (D:4)
  An orc priest (D:3)
  An orc wizard (D:3)
  Natasha (thrice) (D:2)
  A hound zombie (D:3)
  4 adders
  An ooze (D:1)
  2 adder skeletons (D:3)
  4 worms
  2 dart slugs (D:1)
  3 orcs (D:3)
  3 giant cockroaches
  4 hobgoblins
  4 jackals (D:2)
  10 kobolds
  A quokka (D:3)
  A ball python zombie (D:3)
  12 bats
  6 frilled lizards
  A giant cockroach zombie (D:3)
  5 goblins
  A leopard gecko skeleton (D:3)
  A leopard gecko zombie (D:3)
  5 rats
77 creatures vanquished.

Notes
Turn   | Place    | Note
-------+----------+-------------------------------------------
     0 | D:1      | Brynnhild the Hermit Crab Monk began the quest for the Orb.
     0 | D:1      | Reached XP level 1. HP: 18/18 MP: 2/2
   145 | D:1      | Reached XP level 2. HP: 23/24 MP: 3/3
   510 | D:1      | Reached skill level 3 in Long Blades
   616 | D:1      | Reached XP level 3. HP: 29/29 MP: 4/4
   653 | D:2      | Found a faded altar of an unknown god.
   774 | D:2      | HP: 1/29 [poisoned by an adder]
  1235 | D:2      | Reached XP level 4. HP: 19/35 MP: 5/5
  1502 | D:2      | Noticed Natasha
  1510 | D:2      | Killed Natasha
  2000 | D:2      | Noticed Natasha
  2007 | D:2      | Killed Natasha
  2007 | D:2      | Reached skill level 4 in Long Blades
  2007 | D:2      | Reached XP level 5. HP: 39/41 MP: 6/6
  2252 | D:2      | Noticed Natasha
  2260 | D:2      | Killed Natasha
  2756 | D:3      | Reached XP level 6. HP: 5/48 MP: 7/7
  2939 | D:3      | Found a burning altar of Makhleb.
  2971 | D:3      | Found a stormy altar of Qazlal.
  3393 | D:3      | Found a shimmering altar of Xom.
  3406 | D:3      | Found a white marble altar of Elyvilon.
  3508 | D:4      | HP: 2/48 [scorpion (6)]
  3509 | D:4      | Reached skill level 5 in Long Blades
  3509 | D:4      | Reached skill level 1 in Armour
  3510 | D:4      | Succumbed to a scorpion's poison

Skill      XL: |  1  2  3  4  5  6 |
---------------+-------------------+-----
Long Blades    | 3 4 5 |  5.0
Dodging        | 4 |  4.1
Armour         | 1 |  1.0
Fighting       | |  3.9
Stealth        | |  2.0

Action                   |  1- 3 |  4- 6 || total
-------------------------+-------+-------++-------
Melee: Falchion          |    81 |   217 ||   298
  Use: Potion            |     2 |     2 ||     4
 Stab: Sleeping          |     6 |     1 ||     7
  Eat: Chunk             |       |     7 ||     7
Armor: Robe              |    17 |     8 ||    25
       Plate armour      |       |    98 ||    98
Dodge: Dodged            |    66 |   136 ||   202
       Rpst.: Falchion   |    25 |    34 ||    59
